 Dungeon Crawl Stone Soup version 0.30-b1-2-g02819fbbbe (webtiles) character file.

Game seed: 13608499784515114587

35 Alarkh the Sneak (level 3, 29/29 HPs)
             Began as a Demonspawn Delver on May 22, 2023.
             Got out of the dungeon alive.
             The game lasted 00:02:06 (1006 turns).

Alarkh the Sneak (Demonspawn Delver)                Turns: 1006, Time: 00:02:07

Health: 29/29      AC:  4    Str: 12    XL:     3   Next: 17%
Magic:  3/3        EV: 11    Int: 15    God:
Gold:   50         SH:  0    Dex: 14    Spells: 2/2 levels left

rFire   . .          .
                       - Unarmed
rCold   . . .        (no shield)
rNeg    . . .        a - +0 leather armour
rPois   .            g - +0 helmet
rElec   .            o - scarf {shadows}
rCorr   .            (no gloves)
SInv    .            (no boots)
Will    .....        (no amulet)
Stlth   ++           (no ring)
HPRegen 0.24/turn    (no ring)
MPRegen 0.08/turn

%: no passive effects
@: studying Shields
A: big brain 1, demonic magic 1
a: no special abilities


You escaped.
You visited 1 branch of the dungeon, and saw 5 of its levels.

You collected 50 gold pieces.

Inventory:

Armour
 a - a +0 leather armour (worn)
 g - a +0 helmet (worn)
 o - a scarf of shadows (worn)
Magical Staves
 n - a staff of air
Jewellery
 j - a ring of fire
Wands
 f - a wand of digging (3)
Scrolls
 b - a scroll of fog
 c - a scroll of magic mapping
 d - a scroll of fear
 i - a scroll of teleportation {unknown}
 k - a scroll of immolation {unknown}
 l - 4 scrolls of poison {unknown}
 m - 2 scrolls of identify {unknown}
Potions
 e - a potion of haste
 h - a potion of curing {unknown}
 p - 2 potions of resistance {unknown}


   Skills:
 - Level 3.0 Fighting
 - Level 1.7 Dodging
 - Level 4.5 Stealth
 + Level 3.3 Unarmed Combat


You had 2 spell levels left.
You didn't know any spells.
Your spell library contained the following spells:

 Spells                   Type           Power      Damage    Failure   Level
 Sandblast                Erth           0%         2d4       34%         1
 Passwall                 Tmut/Erth      0%         N/A       45%         2
 Stone Arrow              Conj/Erth      0%         3d7       71%         3


Dungeon Overview and Level Annotations

Branches:
Dungeon (5/15)
 Temple: D:4-7

Altars:


Innate Abilities, Weirdness & Mutations

You have an unusually large brain. (Int +2)
Spells you cast may paralyse adjacent enemies.


Message History

A bat is nearby!
A bat is nearby!
A bat is nearby!
You miss the bat. The bat hits you but does no damage.
The bat closely misses you. The bat hits you.
There is an open door here.
You hit the bat.
You kill the bat!
You hit the giant cockroach.
You kill the giant cockroach!
No target in view!
No target in view!
No target in view!
No target in view!
No target in view!
No target in view!
No target in view!
No target in view!
No target in view!
No target in view!
No target in view!
No target in view!
No target in view!
No target in view!
No target in view!
No target in view!
No target in view!
There is an escape hatch in the floor here.
You see here a +0 sling.
l - 4 scrolls labelled MAENIGGONTIA (gained 3)
You see here a +0 sling.
There is an escape hatch in the floor here.
There is an open door here.
Found a staircase leading out of the dungeon.
There is a staircase leading out of the dungeon here.
Done exploring.
Done exploring.
There is a staircase leading out of the dungeon here.
Are you sure you want to leave the Dungeon?
This will make you lose the game!
You have escaped!

#.####.###################
#.# #.##.#..#...##.#....#
#.# #.##..##..##..#...#..
#.# ##.####..#..#.#.....#.
#.# #..##..####.##..#..##.
#.# #..##.##...#.#..#...#.
##.###..##..#.###..#.#.#..#
#....#.####..###.#.#..#...#
#......# #@###..##.##......
#.....## #.#...#.##.#..##..
#....## ##.######.#...#..#
#....# ####.#...#..#.†.#.
#....# #.#.#.###.#.......
#....# #..#..#.#..†#....#
###### ##..##.##.##....#.
#..#..#.##...#....
##################


There were no monsters in sight!

Vanquished Creatures
  5 endoplasms
  2 giant cockroaches (D:1)
  3 goblins
  3 hobgoblins (D:1)
  4 quokkas (D:1)
  2 ball pythons
  6 bats (D:1)
  3 frilled lizards (D:1)
  5 kobolds
  2 rats
35 creatures vanquished.

Notes
Turn   | Place    | Note
-------+----------+-------------------------------------------
     0 | D:5      | Alarkh the Demonspawn Delver began the quest for the Orb.
     0 | D:5      | Reached XP level 1. HP: 18/18 MP: 1/1
    63 | D:5      | Noticed an iguana
   132 | D:4      | Noticed an iguana
   282 | D:1      | Gained mutation: You have an unusually large brain. (Int
                  | +2) [demonic ancestry]
   282 | D:1      | Reached XP level 2. HP: 24/24 MP: 2/2
   770 | D:1      | Gained mutation: Spells you cast may paralyse adjacent
                  | enemies. [demonic ancestry]
   770 | D:1      | Reached XP level 3. HP: 21/29 MP: 3/3
  1006 | D:$      | Got out of the dungeon alive.

Illustrated notes

Levels and vault maps discovered:
D:1:      erik_arrival_cave_to_civilisation [erik_arrival_cave_to_hall],
          layout_rooms
D:2:      layout_basic, basic_ecumenical_altar, chequers_serial_rivers_small_a
D:3:      layout_basic, kennysheep_potato
D:4:      layout_loops_cross, kennysheep_generic_room_6, uniq_duvessa
D:5:      kennysheep_windowed_halls, layout_loops_cross, eino_tiny_chamber

Skill      XL: |  1  2 |
---------------+-------+-----
Unarmed Combat | 2 3 |  3.3
Fighting       | |  3.0
Dodging        | |  1.7
Stealth        | |  4.5

Action                     || total
---------------------------++-------
  Melee: Unarmed           ||   101
         Punch             ||     2
    Use: Potion            ||     1
   Stab: Sleeping          ||     9
 Armour: Leather armour    ||    36
         Skin              ||     2
  Dodge: Dodged            ||    61
